[ AOE2 MATCH · #507080667 ]
UnrankedAztecs vs Byzantines
Player's team · WIN
[ REPLAY ANALYSIS · EXTRACTED FROM THE RECORDED GAME ]
Feudal
11:54
Castle
20:28
Imperial
37:12
| APM avg | 54.4 |
| APM peak | 100 |
| eAPM avg | 31.4 |
| Villagers / military | 158 / 168 |
Focus
⚔️ 49.1% · 🌾 50.9%
Eagle Scout ×56 · Archer ×52 · Monk ×25 · Battering Ram ×14 · Militia ×8 · Trebuchet (Packed) ×7
Feudal
8:58
Castle
20:24
Imperial
38:57
| APM avg | 75.0 |
| APM peak | 114 |
| eAPM avg | 38.3 |
| Villagers / military | 224 / 122 |
Focus
⚔️ 26.9% · 🌾 73.1%
Archer ×36 · Cataphract ×35 · Skirmisher ×31 · Bombard Cannon ×9 · Monk ×4 · Mangonel ×4
Match map
Initial resources + every placement click. Lines = walls · curves = elevation contours. ◆ gold · ⬟ stone · ● berries · ✦ relic · ◌ wall gap
Your base· Open — unwalled flank
r0thmans's base· Open — unwalled flank
Smoothed initial terrain · ◌ = detected wall gap · hover for details
Inputs per minute
— The nicest husband - - r0thmans
Build order — The nicest husband
First 150 of 450 actions detected
| 0:00 | Queue | Villager (Male) ×4 |
| 0:02 | Build | House |
| 0:03 | Build | House |
| 1:20 | Queue | Villager (Male) |
| 1:44 | Build | Lumber Camp |
| 2:03 | Queue | Villager (Male) |
| 2:27 | Queue | Villager (Male) |
| 2:49 | Queue | Villager (Male) |
| 3:16 | Queue | Villager (Male) |
| 3:30 | Queue | Villager (Male) |
| 3:48 | Build | House |
| 4:03 | Queue | Villager (Male) |
| 4:03 | Queue | Villager (Male) |
| 4:37 | Build | Barracks |
| 4:40 | Queue | Villager (Male) |
| 4:45 | Queue | Villager (Male) |
| 5:19 | Build | House |
| 5:22 | Queue | Villager (Male) |
| 5:22 | Queue | Villager (Male) |
| 5:23 | Queue | Villager (Male) |
| 5:25 | Build | House |
| 5:41 | Queue | Militia ×3 |
| 5:51 | Build | Palisade Wall |
| 5:55 | Build | Palisade Wall |
| 6:00 | Build | Palisade Wall |
| 6:11 | Queue | Militia |
| 6:14 | Queue | Villager (Male) |
| 6:36 | Queue | Villager (Male) |
| 6:51 | Build | Mill |
| 7:07 | Build | Palisade Wall |
| 7:10 | Queue | Villager (Male) |
| 7:39 | Queue | Villager (Male) |
| 8:04 | Queue | Villager (Male) |
| 8:05 | Queue | Villager (Male) |
| 8:07 | Build | Mill |
| 8:18 | Queue | Villager (Male) |
| 8:22 | Build | House |
| 8:38 | Queue | Villager (Male) |
| 8:40 | Research | Loom |
| 9:20 | Build | House |
| 9:23 | Build | Mining Camp |
| 9:44 | Research | Feudal Age |
| 10:06 | Queue | Villager (Male) |
| 10:21 | Build | Farm |
| 10:21 | Build | Farm |
| 10:36 | Queue | Villager (Male) |
| 10:54 | Queue | Villager (Male) |
| 10:59 | Build | Farm |
| 11:17 | Build | Barracks |
| 11:42 | Build | Farm |
| 11:45 | Build | Farm |
| 11:54 | Age | Feudal Age |
| 12:00 | Queue | Eagle Scout |
| 12:07 | Research | Double-Bit Axe |
| 12:13 | Queue | Eagle Scout |
| 12:28 | Queue | Villager (Male) |
| 12:38 | Queue | Villager (Male) |
| 12:43 | Build | Blacksmith |
| 12:46 | Queue | Eagle Scout |
| 12:48 | Queue | Villager (Male) |
| 12:50 | Build | Farm |
| 13:12 | Queue | Eagle Scout |
| 13:12 | Queue | Eagle Scout |
| 13:19 | Queue | Villager (Male) |
| 13:38 | Research | Scale Mail Armor |
| 13:38 | Research | Scale Mail Armor |
| 13:38 | Queue | Villager (Male) |
| 13:52 | Research | Man-at-Arms (upgrade) |
| 13:52 | Queue | Villager (Male) |
| 13:57 | Build | House |
| 14:16 | Research | Arson |
| 14:19 | Queue | Villager (Male) |
| 14:21 | Queue | Villager (Male) |
| 14:23 | Build | Farm |
| 14:23 | Build | Farm |
| 14:24 | Build | Farm |
| 14:24 | Build | Farm |
| 14:24 | Build | Farm |
| 14:24 | Build | Farm |
| 14:37 | Queue | Villager (Male) |
| 14:38 | Build | House |
| 15:04 | Queue | Eagle Scout ×3 |
| 15:06 | Queue | Villager (Male) |
| 15:29 | Build | House |
| 15:43 | Queue | Villager (Male) |
| 15:49 | Build | Market |
| 15:53 | Queue | Villager (Male) |
| 16:06 | Build | Farm |
| 16:08 | Queue | Villager (Male) |
| 16:47 | Build | Farm |
| 17:31 | Build | Farm |
| 17:32 | Build | Farm |
| 17:38 | Build | Farm |
| 17:42 | Queue | Villager (Male) |
| 17:48 | Research | Castle Age |
| 17:56 | Queue | Eagle Scout |
| 18:10 | Build | Farm |
| 18:12 | Build | Farm |
| 18:17 | Research | Horse Collar |
| 18:17 | Research | Horse Collar |
| 18:21 | Research | Gold Mining |
| 18:21 | Research | Gold Mining |
| 18:35 | Queue | Villager (Male) |
| 18:55 | Queue | Eagle Scout |
| 18:55 | Queue | Eagle Scout |
| 19:06 | Research | Forging |
| 19:12 | Build | Lumber Camp |
| 19:27 | Queue | Villager (Male) |
| 19:33 | Queue | Eagle Scout |
| 19:33 | Queue | Eagle Scout |
| 20:19 | Queue | Eagle Scout |
| 20:20 | Queue | Eagle Scout |
| 20:28 | Age | Castle Age |
| 20:29 | Research | Chain Mail Armor |
| 20:36 | Research | Squires |
| 21:04 | Research | Eagle Warrior (upgrade) |
| 21:05 | Queue | Villager (Male) |
| 21:09 | Build | Town Center |
| 21:13 | Build | House |
| 21:15 | Build | House |
| 21:15 | Build | House |
| 21:16 | Build | House |
| 21:28 | Queue | Eagle Scout |
| 21:48 | Queue | Villager (Male) |
| 21:48 | Queue | Villager (Male) |
| 21:54 | Queue | Villager (Male) |
| 22:06 | Queue | Villager (Male) |
| 22:44 | Queue | Villager (Male) |
| 22:44 | Queue | Villager (Male) |
| 22:51 | Queue | Eagle Scout |
| 22:52 | Queue | Villager (Male) |
| 22:56 | Build | Monastery |
| 22:59 | Queue | Eagle Scout ×5 |
| 23:00 | Queue | Villager (Male) |
| 23:00 | Queue | Villager (Male) |
| 23:01 | Queue | Villager (Male) |
| 23:30 | Build | Siege Workshop |
| 23:33 | Queue | Villager (Male) |
| 23:36 | Research | Wheelbarrow |
| 23:45 | Queue | Monk |
| 23:57 | Build | Farm |
| 23:58 | Queue | Villager (Male) |
| 24:03 | Queue | Villager (Male) |
| 24:09 | Queue | Villager (Male) |
| 24:15 | Build | House |
| 24:19 | Queue | Villager (Male) |
| 24:24 | Build | House |
| 24:25 | Build | House |
| 24:27 | Queue | Villager (Male) |
| 24:29 | Queue | Villager (Male) |
Build order — r0thmans
First 150 of 596 actions detected
| 0:00 | Queue | Villager (Male) |
| 0:00 | Queue | Villager (Male) |
| 0:01 | Queue | Villager (Male) |
| 0:01 | Queue | Villager (Male) |
| 0:02 | Build | House |
| 0:03 | Build | House |
| 0:10 | Build | House |
| 1:30 | Queue | Villager (Male) |
| 1:31 | Queue | Villager (Male) |
| 1:48 | Build | Mill |
| 2:08 | Queue | Villager (Male) |
| 2:33 | Queue | Villager (Male) |
| 2:54 | Queue | Villager (Male) |
| 2:54 | Queue | Villager (Male) |
| 3:21 | Queue | Villager (Male) |
| 3:21 | Queue | Villager (Male) |
| 3:39 | Build | House |
| 3:45 | Queue | Villager (Male) |
| 3:46 | Queue | Villager (Male) |
| 4:14 | Queue | Villager (Male) |
| 4:25 | Build | Lumber Camp |
| 4:39 | Queue | Villager (Male) |
| 5:03 | Queue | Villager (Male) |
| 5:16 | Queue | Villager (Male) |
| 5:39 | Queue | Villager (Male) |
| 5:51 | Research | Loom |
| 5:51 | Research | Loom |
| 6:21 | Build | House |
| 6:48 | Research | Feudal Age |
| 6:48 | Research | Feudal Age |
| 7:26 | Build | Barracks |
| 7:54 | Queue | Villager (Male) |
| 8:02 | Build | Barracks |
| 8:07 | Queue | Villager (Male) |
| 8:23 | Build | House |
| 8:41 | Queue | Villager (Male) |
| 8:49 | Queue | Villager (Male) |
| 8:58 | Age | Feudal Age |
| 8:58 | Queue | Villager (Male) |
| 9:06 | Build | Archery Range |
| 9:15 | Queue | Villager (Male) |
| 9:28 | Build | Mill |
| 9:41 | Queue | Villager (Male) |
| 9:51 | Queue | Archer |
| 10:11 | Build | House |
| 10:16 | Queue | Skirmisher |
| 10:34 | Queue | Skirmisher |
| 10:35 | Queue | Villager (Male) |
| 10:46 | Build | House |
| 10:53 | Queue | Villager (Male) |
| 10:55 | Build | Farm |
| 10:55 | Build | Farm |
| 11:09 | Research | Double-Bit Axe |
| 11:10 | Research | Double-Bit Axe |
| 11:15 | Queue | Villager (Male) |
| 11:18 | Queue | Villager (Male) |
| 11:43 | Queue | Villager (Male) |
| 11:51 | Queue | Skirmisher |
| 11:51 | Queue | Skirmisher |
| 11:55 | Queue | Villager (Male) |
| 11:57 | Build | Farm |
| 11:59 | Build | Farm |
| 12:00 | Build | Farm |
| 12:08 | Queue | Villager (Male) |
| 12:12 | Queue | Skirmisher |
| 12:13 | Queue | Skirmisher |
| 12:28 | Build | Farm |
| 12:35 | Queue | Villager (Male) |
| 12:37 | Build | House |
| 12:40 | Queue | Skirmisher |
| 12:51 | Queue | Villager (Male) |
| 12:52 | Build | Farm |
| 13:15 | Build | Mining Camp |
| 13:23 | Queue | Villager (Male) |
| 13:26 | Queue | Villager (Male) |
| 13:29 | Build | House |
| 13:30 | Build | Palisade Wall |
| 13:35 | Queue | Villager (Male) |
| 13:37 | Queue | Villager (Male) |
| 13:45 | Queue | Villager (Male) |
| 13:46 | Build | Farm |
| 13:53 | Queue | Villager (Male) |
| 13:56 | Build | House |
| 13:57 | Build | Palisade Wall |
| 14:07 | Queue | Villager (Male) |
| 14:09 | Build | Farm |
| 14:09 | Queue | Archer |
| 14:28 | Build | House |
| 14:30 | Build | House |
| 14:36 | Queue | Archer |
| 14:42 | Queue | Villager (Male) |
| 14:45 | Queue | Villager (Male) |
| 14:51 | Build | Farm |
| 14:54 | Build | Farm |
| 14:55 | Queue | Archer |
| 15:01 | Build | Farm |
| 15:19 | Queue | Villager (Male) |
| 15:32 | Build | Blacksmith |
| 15:46 | Queue | Archer |
| 15:47 | Queue | Villager (Male) |
| 15:55 | Build | Farm |
| 16:01 | Queue | Archer |
| 16:08 | Queue | Villager (Male) |
| 16:13 | Build | Farm |
| 16:16 | Build | House |
| 16:17 | Build | Palisade Wall |
| 16:18 | Build | Palisade Wall |
| 16:30 | Queue | Villager (Male) |
| 16:55 | Queue | Villager (Male) |
| 17:05 | Queue | Villager (Male) |
| 17:06 | Queue | Archer |
| 17:31 | Build | Archery Range |
| 17:33 | Build | House |
| 17:35 | Build | House |
| 17:41 | Build | Palisade Wall |
| 17:44 | Research | Castle Age |
| 17:44 | Research | Castle Age |
| 17:47 | Build | House |
| 17:49 | Build | Palisade Wall |
| 18:10 | Research | Fletching |
| 18:10 | Research | Fletching |
| 18:27 | Queue | Archer |
| 18:27 | Queue | Archer |
| 18:33 | Build | Farm |
| 19:00 | Queue | Villager (Male) |
| 19:02 | Queue | Archer |
| 19:03 | Queue | Archer |
| 19:05 | Build | Farm |
| 19:11 | Queue | Archer |
| 19:14 | Queue | Villager (Male) |
| 19:47 | Build | House |
| 19:56 | Build | House |
| 20:06 | Build | House |
| 20:07 | Build | House |
| 20:07 | Build | House |
| 20:24 | Age | Castle Age |
| 20:26 | Research | Crossbowman (upgrade) |
| 20:26 | Research | Crossbowman (upgrade) |
| 20:27 | Research | Bodkin Arrow |
| 20:27 | Research | Bodkin Arrow |
| 20:27 | Queue | Villager (Male) |
| 20:39 | Queue | Villager (Male) |
| 20:43 | Build | Town Center |
| 20:53 | Queue | Archer |
| 21:04 | Build | Palisade Wall |
| 21:07 | Queue | Villager (Male) |
| 21:09 | Build | Farm |
| 21:12 | Research | Bow Saw |
| 21:12 | Research | Bow Saw |
| 21:15 | Queue | Villager (Male) |
Match timeline
| 4:37 | The nicest husband · first_building Barracks |
| 5:51 | The nicest husband · wall_segment Palisade Wall x9 |
| 5:55 | The nicest husband · wall_segment Palisade Wall x1 |
| 6:00 | The nicest husband · wall_segment Palisade Wall x9 |
| 7:07 | The nicest husband · wall_segment Palisade Wall x2 |
| 7:26 | r0thmans · first_building Barracks |
| 8:58 | r0thmans · age_up feudal |
| 9:06 | r0thmans · first_building Archery Range |
| 11:54 | The nicest husband · age_up feudal |
| 13:30 | r0thmans · wall_segment Palisade Wall x6 |
| 13:57 | r0thmans · wall_segment Palisade Wall x8 |
| 16:17 | r0thmans · wall_segment Palisade Wall x3 |
| 16:18 | r0thmans · wall_segment Palisade Wall x5 |
| 17:41 | r0thmans · wall_segment Palisade Wall x1 |
| 17:45 | The nicest husband · first_market_buy 100 food |
| 17:49 | r0thmans · wall_segment Palisade Wall x1 |
| 20:24 | r0thmans · age_up castle |
| 20:28 | The nicest husband · age_up castle |
| 21:01 | The nicest husband · first_market_sell 100 wood |
| 21:04 | r0thmans · wall_segment Palisade Wall x1 |
| 22:04 | r0thmans · wall_segment Palisade Wall x1 |
| 22:49 | r0thmans · first_building Monastery |
| 22:56 | The nicest husband · first_building Monastery |
| 23:18 | r0thmans · wall_segment Palisade Wall x1 |
| 23:30 | The nicest husband · first_building Siege Workshop |
| 23:42 | r0thmans · wall_segment Palisade Wall x1 |
| 25:56 | r0thmans · first_building Siege Workshop |
| 30:17 | r0thmans · first_market_buy 100 stone |
| 30:20 | r0thmans · first_building Castle |
| 30:58 | r0thmans · first_building Stable |
| 33:51 | The nicest husband · first_building Castle |
| 37:12 | The nicest husband · age_up imperial |
| 38:52 | The nicest husband · first_building Archery Range |
| 38:57 | r0thmans · age_up imperial |
| 47:54 | r0thmans · resign |
[ AI ANALYSIS · 1 CREDIT ]
What really happened in this match?
Wolo.gg analyzes every decision: build order, eco, micro, common mistakes by bracket. Personalized analysis on WhatsApp or Discord in 30 seconds.
Civ guide
Aztecs
Perfil
Jugador #262424